 Dungeon Crawl Stone Soup version 0.22.0-27-ga576289601 (webtiles) character file.

75 MirrMurr the Vandal (level 4, 0/29 HPs)
             Began as a Halfling Hunter on Aug 21, 2018.
             Killed from afar by Sigmund (2 damage)
             ... with a magic dart
             ... on level 2 of the Dungeon.
             The game lasted 00:02:14 (1332 turns).

MirrMurr the Vandal (Halfling Hunter)               Turns: 1332, Time: 00:02:15

Health: 0/29       AC:  3    Str: 14    XL:     4   Next: 55%
Magic:  4/4        EV: 15    Int:  9    God:
Gold:   64         SH:  0    Dex: 14    Spells: 3/3 levels left

rFire    . . .     SeeInvis .   a - +1 hunting sling
rCold    . . .     Gourm    .   (shield restricted)
rNeg     . . .     Faith    .   c - +0 leather armour
rPois    .         Spirit   .   (no helmet)
rElec    .         Reflect  .   (no cloak)
rCorr    .         Harm     .   (no gloves)
MR       .....                  (no boots)
Stlth    +.........             (no amulet)
HPRegen  0.09/turn              (no ring)
MPRegen  0.09/turn              (no ring)

@: no status effects
A: small, mutation resistance 1
a: no special abilities


You were on level 2 of the Dungeon.
You were not hungry.

You visited 1 branch of the dungeon, and saw 2 of its levels.

You collected 64 gold pieces.

Inventory:

Hand Weapons
 a - a +1 hunting sling (weapon)
 b - a +0 short sword
Missiles
 d - 20 sling bullets
 e - 9 stones (quivered)
Armour
 c - a +0 leather armour (worn)
 m - a +0 plate armour
Jewellery
 o - an uncursed ring of fire {unknown}
Scrolls
 g - a scroll of enchant armour {unknown}
 i - 2 scrolls of remove curse {unknown}
 j - 2 scrolls of fear
 l - a scroll of identify {unknown}
Potions
 h - a potion of flight {unknown}
 k - a potion of agility {unknown}
 n - 2 potions of curing {unknown}
Comestibles
 f - 3 rations
 p - 2 chunks of flesh


   Skills:
 + Level 2.3 Fighting
 + Level 1.5 Short Blades
 * Level 6.7 Slings
 + Level 1.4 Armour
 + Level 2.7 Dodging
 - Level 1.1 Stealth


You had 3 spell levels left.
You didn't know any spells.
Your spell library was empty.

Dungeon Overview and Level Annotations

Branches:
Dungeon (2/15)

Altars:
Nemelex Xobeh
Vehumet
Xom

Annotations:
D:2 Sigmund


Innate Abilities, Weirdness & Mutations

You are small and have problems with some larger weapons.
You are somewhat resistant to further mutation.


Message History

Aim: a gnoll, wielding a club (lightly wounded)
You shoot a stone.
The stone hits the gnoll but does no damage.
The gnoll is lightly wounded.
The gnoll misses you.
The gnoll hits you from afar with a halberd!
Ouch! That really hurt!
* * * LOW HITPOINT WARNING * * *
Sigmund the Dreaded comes into view.
He is wielding a scythe.
You see here a club.
Sigmund shouts!
You see here a throwing net.
Sigmund gestures at you while chanting. The magic dart hits you!
* * * LOW HITPOINT WARNING * * *
Things that are here:
a club; 2 stones Sigmund points at you and mumbles some strange words.
The magic dart hits you!
You die...

..g[....(..#.####...#.##.#
#.#....?............#.##.#
#....?..#.....).....#.##.##
#...♣...##.#.####...#.#...####
#..♣_♣..##.#.# #.............
#...♣...((...## #...g.#...####
#.........@...###.#...##.## #
#...#.#.##(((.g(g.#..###.# #
.....#.#.##...@#####..# #.# #
.... #.#.##....# #..# #.#####
.. ...........# #..# #......
.#.#.##..#.# #..# ####### #.
#..#.# #..# #....# ..#...
.....## .......


You could see Sigmund and 2 gnolls.

Vanquished Creatures
  A worker ant (D:2)
  2 gnolls (D:2)
  An ooze (D:1)
  A worm (D:2)
  A bat (D:1)
  5 giant cockroaches
  A goblin (D:1)
  4 hobgoblins
  3 jackals (D:2)
  A ball python (D:1)
  3 kobolds
  3 rats
26 creatures vanquished.

Notes
Turn   | Place    | Note
-------+----------+-------------------------------------------
     0 | D:1      | MirrMurr the Halfling Hunter began the quest for the Orb.
     0 | D:1      | Reached XP level 1. HP: 14/14 MP: 1/1
    40 | D:1      | Reached skill level 6 in Slings
    88 | D:1      | Reached XP level 2. HP: 19/19 MP: 2/2
   850 | D:2      | Found a radiant altar of Vehumet.
   850 | D:2      | Found a shimmering altar of Xom.
   853 | D:2      | Reached XP level 3. HP: 23/24 MP: 3/3
   864 | D:2      | Found a sparkling altar of Nemelex Xobeh.
   898 | D:2      | Reached skill level 1 in Short Blades
   916 | D:2      | Reached skill level 1 in Armour
  1126 | D:2      | Reached XP level 4. HP: 25/29 MP: 4/4
  1200 | D:2      | Found a faded altar of an unknown god.
  1329 | D:2      | Noticed Sigmund
  1332 | D:2      | Killed from afar by Sigmund

Skill      XL: |  1  2  3 |
---------------+----------+-----
Slings         | 6 |  6.7
Fighting       | 2 |  2.3
Short Blades   | 1 |  1.5
Armour         | 1 |  1.4
Dodging        | |  2.7
Stealth        | |  1.1

Action                   |  1- 3 |  4- 6 || total
-------------------------+-------+-------++-------
Melee: Short sword       |    41 |    11 ||    52
 Fire: Hunting sling     |    23 |    36 ||    59
  Use: Scroll            |     2 |       ||     2
 Stab: Sleeping          |     1 |       ||     1
  Eat: Chunk             |       |     1 ||     1
Armor: Leather armour    |     3 |     3 ||     6
Dodge: Dodged            |    39 |    17 ||    56
